 Dungeon Crawl Stone Soup version 0.20.1-1-g8b1a95d (webtiles) character file.

161437 namelastname112 the Devastator (level 17, -29/154 HPs)
             Began as a Black Draconian Conjurer on July 30, 2017.
             Was the Champion of Dithmenos.
             Annihilated by a crystal guardian (33 damage)
             ... in a wizard's laboratory.
             The game lasted 01:35:43 (39340 turns).

namelastname112 the Devastator (DrCj)              Turns: 39340, Time: 01:35:44

Health: -29/154    AC: 12    Str: 11    XL:     17   Next: 20%
Magic:  6/67       EV: 19    Int: 20    God:    Dithmenos [******]
Gold:   2238       SH:  7    Dex: 12    Spells: 5/42 levels left

rFire    + . .     SeeInvis .   W - staff of power
rCold    . . .     Gourm    .   M - +2 buckler
rNeg     . . .     Faith    .   (armour unavailable)
rPois    .         Spirit   .   c - +1 hat {MR+}
rElec    +         Reflect  .   g - +0 cloak
rCorr    .         Harm     .   t - +0 pair of gloves
MR       ++...                  (no boots)
Stlth    +++++.....             (no amulet)
Regen    0.4/turn               j - ring of magical power
MPRegen  0.4/turn               I - ring of Zymel {rF+ MP+9 Stlth+}

@: flying, hasted, wreathed by umbra, very quick
A: breathe lightning, unfitting armour, big wings, dopey 1, electricity
resistance, cold-blooded, AC +9
a: Breathe Lightning, Stop Flying, Shadow Step, Shadow Form, Renounce Religion


You were in a wizard's laboratory.
You worshipped Dithmenos.
Dithmenos was exalted by your worship.
You were not hungry.

You visited 4 branches of the dungeon, and saw 26 of its levels.
You also visited: Wizlab.

You collected 2238 gold pieces.

Inventory:

Missiles
 r - 4 throwing nets (quivered)
Armour
 c - a +1 hat of magic resistance (worn)
 g - a +0 cloak (worn)
 t - a +0 pair of gloves (worn)
 M - a +2 buckler (worn)
Magical Staves
 N - an uncursed staff of poison
 W - an uncursed staff of power (weapon)
Jewellery
 j - a ring of magical power (left hand)
 u - an uncursed ring of protection from magic
 v - an uncursed ring of protection from fire
 E - an uncursed ring of poison resistance
 I - the ring of Zymel (right hand) {rF+ MP+9 Stlth+}
   (You took it off a big kobold on level 9 of the Dungeon)

   [ring of protection from fire]

   It protects you from fire.
   It affects your magic capacity (+9).
   It makes you more stealthy.
Wands
 p - a wand of acid (0/15)
 y - a wand of iceblast (5/15)
 z - a wand of lightning (9/15)
 K - a wand of paralysis (11/24)
Scrolls
 d - 8 scrolls of amnesia
 e - 5 scrolls of remove curse
 k - 8 scrolls of magic mapping
 l - 2 scrolls of recharging
 m - a scroll of enchant weapon
 q - 6 scrolls of enchant armour
 A - a scroll of fear
 F - 6 scrolls of teleportation
 H - 8 scrolls of identify
 J - a scroll of fog
Potions
 f - 7 potions of curing
 h - a potion of magic
 n - 3 potions of brilliance
 s - 4 potions of resistance
 w - 2 potions of agility
 x - a potion of ambrosia
 B - a potion of cancellation
 C - a potion of berserk rage
 D - 2 potions of invisibility
 U - 2 potions of might
 X - 3 potions of haste
Books
 P - a book of the Sky

   Spells                             Type                      Level
   a - Summon Lightning Spire         Summoning/Air                4
   b - Silence                        Hexes/Air                    5
   c - Deflect Missiles               Charms/Air                   6
   d - Conjure Ball Lightning         Conjuration/Air              6
   e - Tornado                        Air                          9
Miscellaneous
 L - a lightning rod (inert)
 Q - a box of beasts
 Z - a sack of spiders
Comestibles
 b - 14 bread rations
 i - 4 meat rations
 R - 2 fruits


   Skills:
 + Level 14.6 Fighting
 + Level 12.7 Dodging
 - Level 1.7 Stealth
 - Level 4.6 Shields
 + Level 13.3 Spellcasting
 + Level 15.0 Conjurations
 * Level 5.2 Charms
 + Level 14.4 Air Magic


You had 5 spell levels left.
You knew the following spells:

 Your Spells              Type           Power        Failure   Level  Hunger
a - Static Discharge      Conj/Air       ######..     1%          3    None
b - Blink                 Tloc           N/A          8%          2    None
c - Iskenderun's Mystic   Conj           ######..     1%          4    None
d - Summon Lightning Spi  Summ/Air       #####...     2%          4    None
e - Airstrike             Air            ######....   1%          4    None
f - Lightning Bolt        Conj/Air       ######....   1%          5    ####...
g - Conjure Ball Lightni  Conj/Air       ######....   1%          6    #####..
h - Deflect Missiles      Chrm/Air       ######....   13%         6    #####..
x - Searing Ray           Conj           ######       0%          2    None
z - Magic Dart            Conj           ####         0%          1    None


Dungeon Overview and Level Annotations

Branches:
Dungeon (15/15)            Temple (0/1) D:7            Lair (6/6) D:8
 Shoals (0/4) Lair:4        Snake (0/4) Lair:4        Slime (0/5) Lair:5
    Orc (2/2) D:12            Elf (3/3) Orc:2        Vaults (0/5) D:13
 Depths (0/5) D:15

Altars:
Ashenzari
Dithmenos
Fedhas
Kikubaaqudgha
Makhleb
Okawaru
Ru
Trog
Uskayaw
Vehumet
Xom
Yredelemnul
The Shining One
Beogh
Jiyva
Lugonu

Shops:
D:6 *   D:11 %   Orc:1 =   Orc:2 ([[(   Elf:2 (

Annotations:
D:9 1 runed door
D:11 1 runed door, vineage's ghost, journeyman MiBe
D:13 1 transporter
D:14 Agnes
D:15 exclusion: Roxanne, Roxanne


Innate Abilities, Weirdness & Mutations

You can breathe wild blasts of lightning.
Your glossy black scales are hard. (AC +9)
You cannot fit into any form of body armour.
Your large and strong wings let you fly indefinitely.
You are resistant to electric shocks. (rElec)
You are cold-blooded and may be slowed by cold attacks.
You are dopey. (Int -2)


Message History

The crystal bolt freezes you!
* * * LOW HITPOINT WARNING * * *
You emit a cloud of dark smoke.
Okay, then.
Unknown command.
Unknown command.
Okay, then.
Unknown command.
You feel better. The crystal guardian hits you!
* * * LOW HITPOINT WARNING * * *
You emit a cloud of dark smoke.
Okay, then.
Press: ? - help, v - describe, . - travel
Here: a crystal guardian (black smoke, severely damaged, umbra)
The floor.
Press: ? - help, v - describe, . - travel
Here: a crystal guardian (black smoke, severely damaged, umbra)
The floor.
You feel yourself speed up. The crystal guardian hits you!!
You die...

#.......# ##......##
##......## ### ##### ##
#####...##
###.###...###. ##...##
###.............
##...###......#.###.#..
##....§§..#.....8.....
##§§§§§..##.........#
#§§@§§...#..#####..#
##§§8##...#### ####
#.§§§###...# #
#.§§§.###..##
###§§§§##...#
##§§§§...## ###....##
###.## ###


You could see a crystal guardian.

Vanquished Creatures
  Nikola (Elf:1)
  A quicksilver dragon (WizLab)
  5 tentacled starspawn (WizLab)
  Gastronok (D:11)
  2 orc warlords
  Louise (Elf:1)
  4 deep elf demonologists
  3 stone giants (WizLab)
  Azrael (Orc:2)
  Snorg (Lair:5)
  An ettin (Orc:2)
  2 deep elf death magi (Elf:2)
  Josephine (D:15)
  A deep elf high priest (Elf:1)
  4 vault guards (D:13)
  2 great orbs of eyes (WizLab)
  8 hydras
  5 two-headed ogres
  3 centaur warriors
  A tengu warrior (D:14)
  A catoblepas (Lair:4)
  11 dancing weapons
  Nergalle (Lair:2)
  3 orc high priests
  A wretched star (WizLab)
  A fire crab (shapeshifter) (D:11)
  16 deep elf knights
  An orange crystal statue (WizLab)
  3 unseen horrors
  7 starcursed masses (WizLab)
  13 deep elf archers
  4 glowing orange brains (WizLab)
  38 deep elf magi
  6 orc knights
  4 orc sorcerers
  A wolf spider zombie (D:13)
  An ugly thing (D:13)
  3 cyclopes
  An elephant (shapeshifter) (Elf:1)
  5 black mambas
  9 elephants
  A guardian serpent (D:11)
  2 eyes of devastation (WizLab)
  16 spiny frogs
  2 torpor snails
  2 gargoyles
  2 centaur zombies
  2 efreet
  5 komodo dragons
  A rime drake (Lair:2)
  6 hornets
  7 trolls
  5 polar bears (Lair:6)
  3 slime creatures
  4 blink frogs
  11 hippogriffs
  6 dream sheep
  A centaur simulacrum (D:13)
  A vampire (D:14)
  15 spriggans (Lair:6)
  A water elemental (Elf:1)
  A hog (shapeshifter) (D:14)
  A wyvern (D:8)
  43 yaks
  8 wraiths
  A basilisk (Lair:1)
  6 fire elementals
  A human (shapeshifter) (Elf:2)
  A steam dragon (D:11)
  3 vampire mosquitoes (D:12)
  2 golden eyes (WizLab)
  3 hungry ghosts
  9 wargs
  2 soldier ants
  A naga (Lair:4)
  3 acid dragons
  12 water moccasins
  4 hell hounds
  10 porcupines
  64 orc warriors
  2 ice beasts
  3 sky beasts
  4 black bears
  2 eyes of draining (D:9)
  A phantom (D:11)
  13 ogres
  4 boggarts (Lair:6)
  19 wolves
  13 centaurs
  11 crocodiles
  2 big kobolds
  16 bullfrogs
  A gnoll sergeant (D:10)
  2 earth elementals (Elf:1)
  6 scorpions
  10 wights
  33 killer bees
  4 howler monkeys
  An electric eel (Lair:2)
  2 bullfrog zombies (D:13)
  6 crimson imps
  A quasit (D:10)
  31 orc priests
  5 jellies
  30 orc wizards
  A bullfrog skeleton (D:4)
  8 hounds
  6 iguanas
  5 centaur skeletons
  2 hell rats (Lair:2)
  21 worker ants
  A hound skeleton (D:4)
  A howler monkey skeleton (D:7)
  4 worker ant zombies
  11 adders
  5 gnolls (D:10)
  8 river rats (Lair:2)
  5 shadow imps
  2 oozes
  A worm (D:2)
  A dart slug (D:1)
  6 leopard geckos
  137 orcs
  7 giant cockroaches
  10 goblins
  6 hobgoblins
  14 jackals
  2 quokkas
  A ball python (D:5)
  A ball python zombie (D:5)
  7 bats
  4 frilled lizards
  A jackal skeleton (D:7)
  A jackal zombie (D:8)
  7 kobolds
  A quokka skeleton (D:8)
  8 rats
  2 fungi
  A plant (Lair:5)
  3 starspawn tentacles (WizLab)
969 creatures vanquished.

Vanquished Creatures (collateral kills)
  A tengu warrior (D:14)
  A starcursed mass (WizLab)
  3 deep elf magi
  An elephant (Lair:5)
  A ball lightning (Elf:2)
  3 spiny frogs
  A hornet (Lair:6)
  A dream sheep (Lair:5)
  A polar bear (Lair:6)
  A hippogriff (Lair:6)
  A slime creature (D:15)
  A wraith (D:14)
  9 yaks
  2 wargs (Orc:2)
  8 orc warriors
  2 ogres
  3 wolves (Lair:6)
  A centaur (D:13)
  2 orc priests (Orc:2)
  3 orc wizards (Orc:2)
  12 orcs
  A starspawn tentacle (WizLab)
59 creatures vanquished.

Vanquished Creatures (others)
  A two-headed ogre (Orc:1)
  An orc sorcerer (Elf:1)
  25 ball lightnings
  An orc warrior (Elf:1)
  An eye of draining (D:14)
  A scorpion (D:10)
  A bush (Lair:5)
  5 demonic plants (WizLab)
  23 fungi
  10 plants
  14 starspawn tentacles (WizLab)
83 creatures vanquished.

Grand Total: 1111 creatures vanquished

Notes
Turn   | Place    | Note
-------+----------+-------------------------------------------
     0 | D:1      | namelastname112 the Draconian Conjurer began the quest for the Orb.
     0 | D:1      | Reached XP level 1. HP: 14/14 MP: 3/3
   223 | D:1      | Reached XP level 2. HP: 17/20 MP: 0/5
   363 | D:1      | Learned a level 2 spell: Searing Ray
   981 | D:2      | Reached XP level 3. HP: 26/26 MP: 7/7
  1125 | D:2      | Found a bloodstained altar of Trog.
  1365 | D:2      | Found a hide-covered altar of Uskayaw.
  1612 | D:3      | Reached XP level 4. HP: 29/33 MP: 6/8
  1897 | D:3      | Reached skill level 5 in Conjurations
  2063 | D:3      | Reached XP level 5. HP: 38/38 MP: 10/10
  2292 | D:3      | Found an iron altar of Okawaru.
  2605 | D:4      | HP: 1/38 [poisoned by a worker ant]
  2899 | D:4      | Reached XP level 6. HP: 43/45 MP: 12/12
  3123 | D:4      | Reached skill level 6 in Conjurations
  3347 | D:4      | Reached skill level 5 in Spellcasting
  3420 | D:4      | Learned a level 4 spell: Iskenderun's Mystic Blast
  3680 | D:4      | Noticed an orc warrior
  3718 | D:5      | Entered Level 5 of the Dungeon
  3871 | D:5      | Your scales start taking on a glossy black colour.
  3871 | D:5      | Reached XP level 7. HP: 50/50 MP: 14/14
  3871 | D:5      | Gained mutation: You are resistant to electric shocks. (rElec) [Black Draconian growth]
  4106 | D:5      | Reached skill level 7 in Conjurations
  4570 | D:5      | Reached skill level 1 in Fighting
  4717 | D:5      | Reached XP level 8. HP: 59/59 MP: 17/17
  5187 | D:6      | Found Mur Dyhe's Assorted Antiques.
  5246 | D:6      | Found a blossoming altar of Fedhas.
  5860 | D:6      | Found a shadowy altar of Dithmenos.
  5860 | D:6      | Found a burning altar of Makhleb.
  5863 | D:6      | Became a worshipper of Dithmenos the Shadowed
  6523 | D:7      | Reached skill level 8 in Conjurations
  7040 | D:7      | Noticed a hippogriff
  7051 | D:7      | Killed a hippogriff
  7051 | D:7      | Reached XP level 9. HP: 37/71 MP: 2/19
  7385 | D:7      | Reached * piety under Dithmenos
  7648 | D:7      | Found a staircase to the Ecumenical Temple.
  7655 | D:7      | Reached skill level 5 in Fighting
  8007 | D:7      | Found a sacrificial altar of Ru.
  8048 | D:7      | Found a radiant altar of Vehumet.
  8049 | D:7      | Found an ancient bone altar of Kikubaaqudgha.
  8050 | D:7      | Found a shattered altar of Ashenzari.
  8209 | D:8      | Reached skill level 5 in Dodging
  8240 | D:8      | Reached skill level 9 in Conjurations
  8380 | D:8      | Found a staircase to the Lair.
  8899 | D:8      | Found a glowing golden altar of the Shining One.
  8935 | D:8      | Reached ** piety under Dithmenos
  9261 | D:8      | Found a basalt altar of Yredelemnul.
  9316 | D:8      | Noticed a troll
  9519 | D:7      | Reached XP level 10. HP: 60/83 MP: 21/21
  9760 | D:9      | Noticed a two-headed ogre
 10353 | D:9      | Killed a two-headed ogre
 10628 | D:9      | Reached skill level 10 in Conjurations
 11106 | D:9      | Got a bound lead ring
 11223 | D:9      | Noticed a manticore
 11402 | D:9      | Found a runed door.
 11515 | D:9      | Learned a level 3 spell: Static Discharge
 11546 | D:9      | Found a shimmering altar of Xom.
 12117 | D:10     | Entered Level 10 of the Dungeon
 12257 | D:10     | Reached skill level 1 in Air Magic
 12547 | D:10     | Reached XP level 11. HP: 94/94 MP: 15/23
 12673 | D:10     | Identified the Handbook of the Traveller
 12760 | D:10     | Reached *** piety under Dithmenos
 13030 | D:10     | Learned a level 2 spell: Blink
 13432 | D:10     | Killed an unseen horror
 13669 | D:11     | Killed an unseen horror
 13764 | D:11     | Learned a level 4 spell: Summon Lightning Spire
 13801 | D:11     | Noticed a two-headed ogre
 13812 | D:11     | Killed a two-headed ogre
 13869 | D:11     | Noticed vineage's ghost (journeyman MiBe)
 14246 | D:11     | Reached skill level 5 in Air Magic
 14465 | D:10     | Identified the ring of Zymel {rF+ MP+9 Stlth+} (You took it off a big kobold on level 9 of the Dungeon)
 15024 | D:11     | Found Vowaosem's Food Shop.
 15058 | D:11     | Found a runed door.
 15058 | D:11     | Noticed a stone giant
 15058 | D:11     | Noticed a phantasmal warrior
 15058 | D:11     | Noticed a tengu reaver
 15060 | D:11     | Noticed a shock serpent
 15060 | D:11     | Noticed a sphinx
 15060 | D:11     | Noticed a frost giant
 15060 | D:11     | Noticed a sphinx
 15060 | D:11     | Noticed a fire giant
 15109 | D:11     | Noticed Gastronok
 15301 | D:11     | Killed Gastronok
 15301 | D:11     | Reached skill level 11 in Conjurations
 15539 | D:11     | Noticed a fire crab
 15548 | D:11     | Killed a fire crab
 15704 | D:11     | Reached **** piety under Dithmenos
 15794 | D:11     | Reached XP level 12. HP: 104/104 MP: 24/25
 16657 | D:12     | Found a staircase to the Orcish Mines.
 17060 | D:12     | Learned a level 4 spell: Airstrike
 17218 | D:12     | Found a shimmering altar of Xom.
 17218 | D:12     | Found a shimmering altar of Xom.
 17219 | D:12     | Found a shimmering altar of Xom.
 17219 | D:12     | Found a shimmering altar of Xom.
 17219 | D:12     | Found a shimmering altar of Xom.
 17220 | D:12     | Found a shimmering altar of Xom.
 17682 | D:13     | Reached skill level 1 in Shields
 17900 | D:13     | Reached ***** piety under Dithmenos
 18089 | D:13     | Noticed a centaur warrior
 18096 | D:13     | Killed a centaur warrior
 18247 | D:13     | Found a sacrificial altar of Ru.
 18270 | D:13     | Noticed a centaur warrior
 18276 | D:13     | Killed a centaur warrior
 18314 | D:13     | Noticed a vault guard
 18317 | D:13     | Noticed a vault guard
 18317 | D:13     | Noticed a vault guard
 18332 | D:13     | Killed a vault guard
 18332 | D:13     | Reached skill level 10 in Spellcasting
 18337 | D:13     | Killed a vault guard
 18350 | D:13     | Killed a vault guard
 18538 | D:13     | Found a gate to the Vaults.
 18685 | D:13     | Noticed a vault guard
 18688 | D:13     | Killed a vault guard
 19101 | D:13     | Found a corrupted altar of Lugonu.
 19107 | D:13     | Noticed a green very ugly thing
 19372 | D:13     | Found a transporter.
 19381 | D:13     | Noticed a green very ugly thing
 19584 | D:13     | Reached skill level 10 in Fighting
 19876 | D:14     | Noticed a tengu warrior
 19879 | D:14     | Noticed a tengu warrior
 19881 | D:14     | Killed a tengu warrior
 19881 | D:14     | Reached XP level 13. HP: 113/113 MP: 27/27
 20182 | D:14     | Noticed Agnes
 20943 | D:15     | Entered Level 15 of the Dungeon
 20943 | D:15     | Noticed Roxanne
 21101 | D:15     | Noticed Josephine
 21108 | D:15     | Killed Josephine
 21108 | D:15     | Reached skill level 12 in Conjurations
 21402 | D:15     | Found a shattered altar of Ashenzari.
 21478 | D:15     | Found a staircase to the Depths.
 21478 | D:15     | Noticed a dire elephant
 21478 | D:15     | Noticed an emperor scorpion
 21512 | D:15     | Noticed Nessos
 21514 | D:15     | Noticed Nessos
 21514 | D:15     | Nessos changed into Nessos the two-headed ogre
 21517 | D:15     | Killed Nessos the two-headed ogre
 22006 | Lair:1   | Entered Level 1 of the Lair of Beasts
 22137 | Lair:1   | Reached skill level 10 in Air Magic
 22727 | Lair:1   | Reached ****** piety under Dithmenos
 23944 | Lair:2   | Noticed Nergalle
 23957 | Lair:2   | Killed Nergalle
 24324 | Lair:2   | Reached skill level 10 in Dodging
 24586 | Lair:1   | Learned a level 5 spell: Lightning Bolt
 25279 | Lair:3   | Gained mutation: Your large and strong wings let you fly indefinitely. [Black Draconian growth]
 25279 | Lair:3   | Reached XP level 14. HP: 124/124 MP: 29/29
 25483 | Lair:4   | Found a staircase to the Shoals.
 25735 | Lair:4   | Found a staircase to the Snake Pit.
 26510 | Lair:5   | Noticed Snorg
 26536 | Lair:5   | Killed Snorg
 27028 | Lair:5   | Found a viscous altar of Jiyva.
 27028 | Lair:5   | Found a staircase to the Slime Pits.
 27582 | Lair:6   | Entered Level 6 of the Lair of Beasts
 27827 | Lair:6   | Reached skill level 13 in Conjurations
 28129 | Lair:6   | Was placed under penance by Dithmenos
 28144 | Lair:6   | Was forgiven by Dithmenos
 29955 | Lair:6   | Reached XP level 15. HP: 134/134 MP: 30/30
 30268 | Orc:1    | Entered Level 1 of the Orcish Mines
 30722 | Orc:1    | Noticed an orc warlord
 30733 | Orc:1    | Killed an orc warlord
 31083 | Orc:1    | Found Vennetou's Jewellery Boutique.
 31728 | Orc:2    | Entered Level 2 of the Orcish Mines
 31952 | Orc:2    | Noticed Azrael
 32254 | Orc:2    | Killed Azrael
 32464 | Orc:2    | Found a roughly hewn altar of Beogh.
 32895 | Orc:2    | Found a staircase to the Elven Halls.
 33012 | Orc:2    | Found a roughly hewn altar of Beogh.
 33096 | Orc:2    | Found a roughly hewn altar of Beogh.
 33105 | Orc:2    | Found Plog's Armour Boutique.
 33423 | Orc:2    | Noticed an orc warlord
 33428 | Orc:2    | Killed an orc warlord
 33846 | Orc:2    | Found a roughly hewn altar of Beogh.
 33846 | Orc:2    | Found Xaceam's Antique Armour Emporium.
 33849 | Orc:2    | Found Gokif's Antique Weapon Shoppe.
 33915 | Orc:2    | Reached skill level 14 in Conjurations
 33917 | Orc:2    | Found a roughly hewn altar of Beogh.
 33918 | Orc:2    | Found Nosori's Weapon Shoppe.
 33957 | Orc:2    | Found a roughly hewn altar of Beogh.
 33987 | Orc:2    | Found a roughly hewn altar of Beogh.
 34085 | Elf:1    | Entered Level 1 of the Elven Halls
 34278 | Elf:1    | Noticed Louise
 34524 | Elf:1    | Noticed Nikola
 34817 | Elf:1    | Killed Nikola
 34992 | Elf:1    | Reached XP level 16. HP: 143/145 MP: 32/32
 34994 | Elf:1    | Killed Louise
 36562 | Elf:1    | Learned a level 6 spell: Conjure Ball Lightning
 36569 | Elf:1    | Learned a level 6 spell: Deflect Missiles
 36665 | Elf:2    | Reached skill level 1 in Charms
 37493 | Elf:2    | Found Fafi's Weapon Shoppe.
 37852 | Elf:3    | Entered Level 3 of the Elven Halls
 37937 | Elf:3    | Found a magical portal.
 37940 | WizLab   | Entered Lehudib's Moon Base
 38044 | WizLab   | Noticed a tentacled starspawn
 38047 | WizLab   | Noticed a tentacled starspawn
 38047 | WizLab   | Killed a tentacled starspawn
 38060 | WizLab   | Killed a tentacled starspawn
 38238 | WizLab   | Noticed a tentacled starspawn
 38241 | WizLab   | Killed a tentacled starspawn
 38274 | WizLab   | Noticed a quicksilver dragon
 38276 | WizLab   | Killed a quicksilver dragon
 38329 | WizLab   | Reached XP level 17. HP: 106/154 MP: 13/34
 38732 | WizLab   | Reached skill level 5 in Charms
 38747 | WizLab   | Reached skill level 15 in Conjurations
 38996 | WizLab   | Gained mutation: You are dopey. (Int -2) [a cacodemon]
 39338 | WizLab   | HP: 3/154 [crystal guardian (16)]
 39340 | WizLab   | Annihilated by a crystal guardian

Skill      XL: |  1  2  3  4  5  6  7  8  9 10 11 12 13 14 15 16 17 |
---------------+----------------------------------------------------+-----
Spellcasting   | 3 4 5 6 7 8 9 10 11 12 13 | 13.3
Conjurations   | 5 6 7 8 9 10 11 12 13 14 15 | 15.0
Dodging        | 2 4 5 7 8 9 10 11 12 | 12.7
Fighting       | 1 4 6 7 9 10 11 12 13 14 | 14.6
Air Magic      | 1 7 9 10 11 13 14 | 14.4
Shields        | 4 |  4.6
Charms         | 4 5 |  5.2
Stealth        | |  1.7

Action                   |  1- 3 |  4- 6 |  7- 9 | 10-12 | 13-15 | 16-18 || total
-------------------------+-------+-------+-------+-------+-------+-------++-------
Melee: Unarmed           |     6 |       |       |       |       |       ||     6
       Short sword       |    11 |     6 |    22 |    76 |       |       ||   115
       Tailslap          |     1 |       |     1 |     4 |     9 |       ||    15
       Morningstar       |       |       |       |     3 |       |       ||     3
       Staff             |       |       |       |    13 |    62 |     6 ||    81
Throw: Throwing net      |       |       |       |     1 |     1 |     1 ||     3
 Cast: Magic Dart        |    83 |   166 |   240 |   370 |   821 |    64 ||  1744
       Searing Ray       |       |     9 |     9 |     6 |       |       ||    24
       Iskenderun's Myst |       |     3 |    62 |   259 |   131 |   104 ||   559
       Static Discharge  |       |       |       |    48 |   104 |     9 ||   161
       Summon Lightning  |       |       |       |     7 |    46 |     5 ||    58
       Lightning Bolt    |       |       |       |       |   233 |   107 ||   340
       Blink             |       |       |       |       |     5 |     1 ||     6
       Conjure Ball Ligh |       |       |       |       |       |    12 ||    12
       Airstrike         |       |       |       |       |       |    17 ||    17
       Deflect Missiles  |       |       |       |       |       |     2 ||     2
 Abil: Breathe Lightning |       |       |     7 |     3 |     4 |     1 ||    15
       Fly               |       |       |       |       |     1 |       ||     1
Evoke: Wand              |       |       |     2 |     7 |     1 |     2 ||    12
       Lightning rod     |       |       |       |       |     3 |     1 ||     4
       Box of beasts     |       |       |       |       |       |     2 ||     2
  Use: Scroll            |       |       |    10 |    14 |     9 |     1 ||    34
       Potion            |       |       |       |     5 |       |     7 ||    12
 Stab: Held in net/web   |       |       |       |     1 |       |       ||     1
       Distracted        |       |       |       |       |     1 |       ||     1
  Eat: Chunk             |     2 |     7 |    11 |    25 |    54 |    12 ||   111
       Royal jelly       |       |       |     3 |     1 |     4 |     2 ||    10
       Meat ration       |       |       |     2 |     4 |     5 |     2 ||    13
       Fruit             |       |       |       |     5 |     4 |     4 ||    13
Armor: Skin              |     7 |    14 |    41 |    93 |    85 |    10 ||   250
Dodge: Dodged            |    15 |    33 |    99 |   387 |   472 |    61 ||  1067
       Deflected         |       |       |       |       |       |    15 ||    15
Block: Buckler           |       |       |       |       |   109 |    13 ||   122
